 Dungeon Sprint DCSS version 0.24-a0-479-g9a978d2894 (webtiles) character file.

Game seed: 8969996622460145790

539616 Artagas the Invulnerable (level 21, -7/244 HPs)
             Began as a Deep Dwarf Fighter on July 6, 2019.
             Was the Champion of Makhleb.
             Killed from afar by Cerebov (41 damage)
             ... with a great blast of fire
             ... in the Dungeon (Sprint IX: "|||||||||||||||||||||||||||||").
             The game lasted 01:19:33 (13038 turns).

Artagas the Invulnerable (Deep Dwarf Fighter)      Turns: 13038, Time: 01:19:34

Health: -7/244     AC: 47    Str: 28    XL:     21   Next: 85%
Magic:  34/34 (25) EV: 23    Int:  9    God:    Makhleb [******]
Gold:   262        SH: 28    Dex: 17    Spells: 57/74 levels left

rFire    + . .     SeeInvis .   V - +9 demon whip (slash)
rCold    + + +     Gourm    +   I - +0 large shield {rC+ rF+}
rNeg     + + +     Faith    .   T - +4 gold dragon scales
rPois    +         Spirit   .   u - +2 helmet
rElec    .         Reflect  .   M - +2 ratskin cloak {+Rats rPois rN+ Str-1 Int-1 Dex+1}
rCorr    .         Harm     .   U - +0 pair of gloves of the Flute {rC+ MP+9}
MR       +++++     NoTele   +   E - +1 pair of boots
Stlth    ..........             Q - amulet "Luop" {Gourm MR+ Dex+4}
HPRegen  0.00/turn              m - ring of protection from magic
MPRegen  0.24/turn              P - ring of Impatience {Wiz rN++ Dex+2}

@: fire vulnerable, non-regenerating, hasted, very quick
A: damage resistance, heal wounds, molten scales 1, clumsy 1, low mp 1, negative
energy resistance 1, sense surroundings 3, shaggy fur 1, no regeneration
0: Orb of Zot
}: 9/17 runes: decaying, serpentine, barnacled, slimy, elven, silver, golden,
abyssal, gossamer
a: Heal Wounds, Minor Destruction, Lesser Servant of Makhleb, Major Destruction,
Greater Servant of Makhleb, Renounce Religion, Evoke Ratskin


You were in the Dungeon.
You worshipped Makhleb.
Makhleb was exalted by your worship.
You were very full.

You visited 1 branch You collected 1966 gold pieces.
You spent 1704 gold pieces at shops.

Inventory:

Hand Weapons
 s - a +4 morningstar of protection
   (You found it in the Dungeon)
 O - the +8 arc blade {discharge, rElec}
   (You found it in the Dungeon)

   It insulates you from electricity.
 V - a +9 demon whip of slashing (weapon)
   (You took it off a hell knight in the Dungeon)
Armour
 u - a +2 helmet (worn)
   (You found it in the Dungeon)
 E - a +1 pair of boots (worn)
   (You found it in the Dungeon)
 I - a +0 large shield of resistance (worn)
   (You found it in the Dungeon)
 M - the +2 ratskin cloak (worn) {+Rats rPois rN+ Str-1 Int-1 Dex+1}
   (You found it in the Dungeon)

   It affects your strength (-1).
   It affects your intelligence (-1).
   It affects your dexterity (+1).
   It protects you from poison.
   It protects you from negative energy.
 N - a +8 plate armour of magic resistance
   (You took it off Saint Roka in the Dungeon)
 T - +4 gold dragon scales (worn)
   (You found it in the Dungeon)
 U - the +0 pair of gloves of the Flute (worn) {rC+ MP+9}
   (You found it in the Dungeon)

   It protects you from cold.
   It affects your magic capacity (+9).
Jewellery
 c - an uncursed ring of protection from cold
   (You found it in the Dungeon)
 i - an uncursed ring of see invisible
   (You found it in the Dungeon)
 j - a +6 ring of strength
   (You found it in the Dungeon)
 m - a ring of protection from magic (left hand)
   (You found it in the Dungeon)
 x - an uncursed ring of protection from magic
   (You found it in the Dungeon)
 G - an uncursed ring of flight
   (You found it in the Dungeon)
 K - a +6 ring of strength
   (You found it in the Dungeon)
 L - an uncursed ring of wizardry
   (You found it in the Dungeon)
 P - the ring of Impatience (right hand) {Wiz rN++ Dex+2}
   (You found it in the Dungeon)

   [ring of wizardry]

   It improves your spell success rate.
   It affects your dexterity (+2).
   It greatly protects you from negative energy.
 Q - the amulet "Luop" (around neck) {Gourm MR+ Dex+4}
   (You found it in the Dungeon)

   [amulet of the gourmand]

   It allows you to eat raw meat even when not hungry.
   It affects your dexterity (+4).
   It affects your resistance to hostile enchantments.
 R - the ring "Feoffaf" {Fire Int+4}
   (You found it in the Dungeon)

   [ring of fire]

   It enhances your fire magic.
   It affects your intelligence (+4).
   It protects you from fire.
   It makes you vulnerable to cold.
 S - the ring "Tikham" {rElec rPois rF+ rC- MP+9}
   (You found it in the Dungeon)

   [ring of protection from fire]

   It protects you from fire.
   It makes you vulnerable to cold.
   It insulates you from electricity.
   It protects you from poison.
   It affects your magic capacity (+9).
Wands
 l - a wand of iceblast (9)
   (You found it in the Dungeon)
Scrolls
 g - 5 scrolls of remove curse
 k - 2 scrolls of amnesia
 r - 5 scrolls of identify
 C - 3 scrolls of fear
 D - 5 scrolls of fog
 W - a scroll of enchant weapon
Potions
 b - a potion of lignification
 d - a potion of might
 f - a potion of invisibility
 h - 6 potions of haste
 n - 3 potions of resistance
 q - 2 potions of curing
 t - 4 potions of brilliance
 w - 5 potions of heal wounds
 B - 4 potions of magic
 J - 4 potions of berserk rage
Miscellaneous
 a - the horn of Geryon (inert)
   (You took it off Geryon in the Dungeon)
Comestibles
 e - 13 rations


   Skills:
 O Level 27 Fighting
 O Level 27 Maces & Flails
 O Level 27 Armour
 O Level 27 Dodging
 O Level 27 Shields
 O Level 27 Spellcasting
 + Level 17.2 Hexes
 + Level 12.4 Summonings
 - Level 8.3 Necromancy
 - Level 10.0 Translocations
 + Level 17.4 Transmutations
 + Level 13.8 Air Magic
 O Level 27 Invocations
 + Level 25.6 Evocations


You had 57 spell levels left.
You knew the following spells:

 Your Spells              Type           Power        Failure   Level  Hunger
a - Confusing Touch       Hex            #####.       0%          1    None
b - Animate Skeleton      Necr           N/A          1%          1    None
c - Airstrike             Air            #####.....   1%          4    #......
d - Blink                 Tloc           N/A          1%          2    None
e - Call Imp              Summ           ####....     1%          2    None
f - Yara's Violent Unrav  Hex/Tmut       #####.....   1%          5    ####...
g - Swiftness             Chrm/Air       ###.....     1%          2    None

Your spell library contained the following spells:

 Spells                   Type           Power        Failure   Level  Hunger
 Slow                     Hex            #####...     0%          2    None
 Apportation              Tloc           ####..       1%          1    None
 Shock                    Conj/Air       ###.         1%          1    None
 Summon Small Mammal      Summ           ####         1%          1    None
 Confuse                  Hex            #####...     1%          3    None
 Gell's Gravitas          Tloc           ####......   1%          3    None
 Static Discharge         Conj/Air       ###.....     1%          3    None
 Petrify                  Tmut/Erth      ####....     1%          4    #......
 Mephitic Cloud           Conj/Pois/Air  ###.....     2%          3    None
 Metabolic Englaciation   Hex/Ice        ####......   4%          5    ####...
 Magic Dart               Conj           ##..         6%          1    None
 Lightning Bolt           Conj/Air       ###.......   10%         5    ####...
 Conjure Flame            Conj/Fire      ##......     17%         3    None


Dungeon Overview and Level Annotations

Branches:
Dungeon (1/1)

Altars:
Cheibriados
Dithmenos
Elyvilon
Fedhas
Gozag
Hepliaklqana
Kikubaaqudgha
Makhleb
Nemelex Xobeh
Okawaru
Qazlal
Ru
Sif Muna
Trog
Uskayaw
Vehumet
Wu Jian
Xom
Yredelemnul
Zin
The Shining One
Beogh
Jiyva
Lugonu

Shops:
D *[:[

Annotations:
D Cerebov, Dispater, Ereshkigal, Mnoleg


Innate Abilities, Weirdness & Mutations

You are resistant to damage.
You can heal yourself by infusing magical energy.
You resist negative energy. (rN+)
You passively map a large area around you.
You do not regenerate.
You are partially covered in molten scales. (AC +2)
You are clumsy. (Dex -2)
Your magical capacity is low. (-10% MP)
You are covered in fur. (AC +1)


Message History

h - 7 potions of haste (gained 1)
You see here the horn of Geryon.
a - the horn of Geryon You open the door.
Ereshkigal and Cerebov come into view.
Cerebov is wielding the +6 sword of Cerebov {flame}.
Ereshkigal shouts, "Despond, thou worthless rump-fed swadder!"
Cerebov shouts, "Give up, thou warped earth-vexing pot-faker!"
Something shouts, "Leave, thou pottle-deep motley-minded pot-faker!"
Cerebov gestures.
Cerebov seems to speed up.
Dispater, Lord of the Iron City comes into view.
They are wielding the +4 staff of Dispater.
Ereshkigal calls on the powers of darkness!
Your body is wracked with pain!
Found a fiery rune of Zot and a bone rune of Zot.
Evoke which item? (* to show all) (? for menu, Esc to quit)
You produce a hideous howling noise!
Cerebov hits your hell beast with the +6 sword of Cerebov {flame}!!!
Cerebov burns your hell beast.
The sword of Cerebov burns away your hell beast's fire resistance.
Cerebov hits your hell beast with the +6 sword of Cerebov {flame}!!!
Cerebov burns your hell beast!
Your hell beast dies!
Ereshkigal calls on the powers of darkness!
Your body is wracked with pain!
Ereshkigal calls on the powers of darkness!
Your body is wracked with pain!
* * * LOW HITPOINT WARNING * * *
You feel much better.
Ereshkigal calls on the powers of darkness!
Your body is wracked with pain!
* * * LOW HITPOINT WARNING * * *
Cerebov hits you with the +6 sword of Cerebov {flame}!
* * * LOW HITPOINT WARNING * * *
The sword of Cerebov burns away your fire resistance.
Your blink will be uncontrolled - continue anyway? [Y]es or [N]o only, please.
Your blink will be uncontrolled - continue anyway?
Okay, then.
You feel yourself speed up.
Cerebov hits you with the +6 sword of Cerebov {flame}!!
* * * LOW HITPOINT WARNING * * *
Cerebov burns you.
* * * LOW HITPOINT WARNING * * *
Your blink will be uncontrolled - continue anyway?
The Orb prevents control of your translocation!
You blink.
As you read the scroll of blinking, it crumbles to dust.
You block Ereshkigal's attack. Cerebov misses you.
Found an iron rune of Zot.
What are your orders? t - Shout!
Orders for allies: a - Attack new target. r - Retreat! s - Stop attacking. g - Guard the area. f - Follow me.
Anything else - Cancel.
Okay, then.
You feel much better.
Ereshkigal calls on the powers of darkness!
Your body is wracked with pain!
* * * LOW HITPOINT WARNING * * *
Dispater gestures.
Your hell beast bites Cerebov but does no damage.
Your hell beast tramples Cerebov.
Cerebov holds their ground!
You feel much better.
Mnoleg, Demon Lord of Chaos comes into view.
Cerebov hits you but does no damage. Ereshkigal completely misses you.
Your hell beast bites Cerebov.
Your hell beast tramples Cerebov but does no damage.
Send 'em back where they came from!
Your hell beast disappears in a puff of smoke! x2
You feel much better.
Mnoleg gestures.
Ereshkigal calls on the powers of darkness!
Your body is wracked with pain!
* * * LOW HITPOINT WARNING * * *
Cerebov closely misses you.
Your blink will be uncontrolled - continue anyway?
The Orb prevents control of your translocation!
You blink.
As you read the scroll of blinking, it crumbles to dust.
Cerebov gestures.
A demon appears!
Cerebov gestures at you.
A raging storm of fire appears!
The great blast of fire engulfs you! You partially resist.
* * * LOW HITPOINT WARNING * * *
The great blast of fire engulfs your cacodemon!!!
A fire vortex comes into view.
You are engulfed in blazing flames.
You resist.
You are engulfed in blazing flames.
You resist.
Your cacodemon is engulfed in blazing flames.
Your cacodemon gestures at Cerebov.
The bolt of energy hits the fire vortex!!!
The fire vortex dissipates!
The bolt of energy hits Cerebov!!
The bolt of energy misses Ereshkigal.
Cerebov gestures at you.
A raging storm of fire appears!
The great blast of fire engulfs you!!! You partially resist.
You die...

.........)..'............)))))(..
▓▓▓▓▓▓▓▓▓▓▓▓▓▓▓▓▓▓▓▓▓▓▓▓▓▓▓▓♣♣♣♣♣
............)....................
▓▓▓▓▓▓▓▓▓▓▓▓▓▓▓▓▓▓▓▓▓▓▓▓▓▓▓▓▓▓▓▓▓
....†'.........'.........'.......
▓▓▓▓▓▓▓▓▓▓▓▓▓▓▓▓▓▓▓▓▓▓▓▓▓▓▓▓▓▓▓▓▓
......)..........................
▓▓▓▓▓▓▓▓▓▓▓▓▓▓▓▓▓▓▓▓▓▓▓▓▓▓▓▓▓▓▓▓▓
&φ..2.&1'&&°2○°@................
▓▓▓▓▓▓▓▓▓▓▓▓▓▓▓▓▓▓▓▓▓▓▓▓▓▓▓▓▓▓▓▓


You could see Cerebov, Ereshkigal and a friendly cacodemon.

Vanquished Creatures
  the Royal Jelly (D)
  A pandemonium lord (D)
  2 orbs of fire (D)
  3 ancient liches (D)
  Mennas (D)
  8 greater mummies (D)
  Boris (D)
  Saint Roka (D)
  A Killer Klown (D)
  Margery (D)
  Xtahua (D)
  Geryon (D)
  Nikola (D)
  3 golden dragons (D)
  A bone dragon (D)
  A Tzitzimitl (D)
  An electric golem (D)
  6 tentacled monstrosities (D)
  3 Brimstone Fiends (D)
  An iron giant (D)
  Rupert (D)
  An Ice Fiend (D)
  A titan (D)
  2 deep elf master archers (D)
  4 liches (D)
  29 Orb Guardians (D)
  6 acid blobs (D)
  12 sphinxes (D)
  4 deep elf blademasters (D)
  Agnes (D)
  A tengu reaver (D)
  4 storm dragons (D)
  8 shadow dragons (D)
  2 draconian monks (D)
  4 nagarajas (D)
  Ilsuiw (D)
  10 azure jellies (D)
  A frost giant (D)
  A deep elf sorcerer (D)
  3 draconian scorchers (D)
  2 ghost moths (D)
  2 vault wardens (D)
  A balrug (D)
  4 emperor scorpions (D)
  2 draconian annihilators (D)
  A draconian shifter (D)
  A reaper (D)
  A war gargoyle (D)
  A very ugly thing (D)
  2 stone giants (D)
  3 ironheart preservers (D)
  A deep elf annihilator (D)
  6 black draconians (D)
  2 entropy weavers (D)
  10 vampire knights (D)
  2 green draconians (D)
  Nessos (D)
  An entropy weaver (shapeshifter) (D)
  3 purple draconians (D)
  2 red draconians (D)
  A deep elf demonologist (D)
  A lorocyproca (D)
  4 white draconians (D)
  4 yellow draconians (D)
  3 green deaths (D)
  3 merfolk javelineers (D)
  7 death oozes (D)
  Snorg (D)
  2 deep elf death magi (D)
  3 ettins (D)
  3 yaktaur captains (D)
  3 great orbs of eyes (D)
  2 mummy priests (D)
  A deep elf high priest (D)
  6 merfolk impalers (D)
  2 ogre magi (D)
  4 ice dragons (D)
  25 vault guards (D)
  2 naga warriors (D)
  9 hydras (D)
  2 merfolk aquamancers (D)
  A hell beast (D)
  2 centaur warriors (D)
  An alligator (D)
  An anaconda (D)
  A death knight (D)
  A two-headed ogre (D)
  A merfolk avatar (D)
  2 tengu warriors (D)
  A two-headed ogre (shapeshifter) (D)
  A death yak (D)
  4 deep troll earth magi (D)
  A spriggan berserker (D)
  A vampire mage (D)
  A naga sharpshooter (D)
  A shock serpent (D)
  4 hell knights (D)
  2 wretched stars (D)
  5 orc high priests (D)
  A deep elf knight (D)
  2 wizards (D)
  An unseen horror (D)
  2 cherubim (D)
  A naga ritualist (D)
  A shadow demon (D)
  5 swamp dragons (D)
  A sea snake (D)
  A deep elf archer (D)
  A necromancer (D)
  2 harpies (D)
  2 orc knights (D)
  A mana viper (D)
  2 ironbrand convokers (D)
  4 wolf spiders (D)
  A manticore (D)
  An orc sorcerer (D)
  An ugly thing (D)
  A deep elf mage (D)
  14 moths of wrath (D)
  4 vault sentinels (D)
  A rust devil (D)
  An apocalypse crab (D)
  2 naga magi (D)
  3 black mambas (D)
  A smoke demon (D)
  2 spiny frogs (D)
  Psyche (D)
  4 guardian serpents (D)
  A hellion (D)
  2 freezing wraiths (D)
  4 small abominations (D)
  15 guardian mummies (D)
  A demonic crawler (D)
  3 yaktaurs (D)
  An ice devil (D)
  A wandering mushroom (D)
  3 jumping spiders (D)
  6 polar bears (D)
  A troll (D)
  3 red devils (D)
  A tengu conjurer (D)
  3 merfolk (D)
  A blink frog (D)
  2 hornets (D)
  2 snapping turtles (D)
  2 hippogriffs (D)
  Eustachio (D)
  A redback (D)
  12 spriggans (D)
  A wraith (D)
  A golden eye (shapeshifter) (D)
  A steam dragon (D)
  A neqoxec (D)
  3 yaks (D)
  3 golden eyes (D)
  2 basilisks (D)
  An insubstantial wisp (D)
  A naga (D)
  A soldier ant (D)
  A hell hound (D)
  2 acid dragons (D)
  4 water moccasins (D)
  A floating eye (D)
  8 orc warriors (D)
  A porcupine (D)
  2 black bears (D)
  An eye of draining (D)
  2 sky beasts (D)
  A wolf (D)
  A crocodile (D)
  4 bullfrogs (D)
  A killer bee (D)
  10 orc priests (D)
  2 worker ants (D)
  3 orc wizards (D)
  A shadow imp (D)
  An adder skeleton (D)
  An adder simulacrum (D)
  13 orcs (D)
  3 bat zombies (D)
  A goblin (D)
  A kobold (D)
  A frilled lizard (D)
  3 rats (D)
516 creatures vanquished.

Vanquished Creatures (collateral kills)
  Mara (D)
  A greater mummy (D)
  An Orb Guardian (D)
  An Executioner (D)
  An acid blob (D)
  Donald (D)
  A nagaraja (D)
  2 azure jellies (D)
  A spark wasp (D)
  2 mummy priests (D)
  2 death oozes (D)
  A great orb of eyes (D)
  A centaur warrior (D)
  An orc high priest (D)
  An ironbrand convoker (D)
  An orc knight (D)
  A wolf spider (D)
  2 demonic crawlers (D)
  A jumping spider (shapeshifter) (D)
  A hornet (D)
  A tyrant leech (D)
  A redback (D)
  A naga (D)
  An orc priest (D)
  An orc (D)
  A crawling corpse (D)
  A fire vortex (D)
31 creatures vanquished.

Vanquished Creatures (others)
  A deep elf master archer (D)
  A fire giant (D)
  A deep elf annihilator (D)
  An alligator (D)
  A spriggan (D)
  A spriggan druid (D)
  A deep elf archer (D)
  A moth of wrath (D)
  A tyrant leech (D)
  A hornet (D)
  A vampire mosquito (D)
  A swamp drake (D)
  An iron imp (D)
13 creatures vanquished.

Grand Total: 560 creatures vanquished

Notes
Turn   | Place    | Note
-------+----------+-------------------------------------------
     0 | D        | Artagas the Deep Dwarf Fighter began the quest for the Orb.
     0 | D        | Reached XP level 1. HP: 20/20 MP: 1/1
     7 | D        | Reached skill level 3 in Fighting
     8 | D        | Reached skill level 3 in Maces & Flails
    18 | D        | Noticed a worker ant
    18 | D        | Noticed a worker ant
    18 | D        | Noticed a sky beast
    40 | D        | Killed a sky beast
    40 | D        | Reached skill level 5 in Fighting
    40 | D        | Reached skill level 7 in Maces & Flails
    40 | D        | Reached XP level 2. HP: 25/32 MP: 2/2
    40 | D        | Reached XP level 3. HP: 31/39 MP: 3/3
    40 | D        | Reached XP level 4. HP: 37/46 MP: 4/4
    51 | D        | Reached skill level 8 in Maces & Flails
    56 | D        | Reached skill level 6 in Fighting
    56 | D        | Reached XP level 5. HP: 25/55 MP: 5/5
   111 | D        | Found a roughly hewn altar of Beogh.
   111 | D        | Found a snail-covered altar of Cheibriados.
   111 | D        | Found a shadowy altar of Dithmenos.
   111 | D        | Found a white marble altar of Elyvilon.
   111 | D        | Found a blossoming altar of Fedhas.
   111 | D        | Found an opulent altar of Gozag.
   112 | D        | Found a hazy altar of Hepliaklqana.
   113 | D        | Found a viscous altar of Jiyva.
   114 | D        | Found an ancient bone altar of Kikubaaqudgha.
   115 | D        | Found a corrupted altar of Lugonu.
   116 | D        | Found a burning altar of Makhleb.
   117 | D        | Found a sparkling altar of Nemelex Xobeh.
   118 | D        | Found an iron altar of Okawaru.
   119 | D        | Found a stormy altar of Qazlal.
   120 | D        | Found a sacrificial altar of Ru.
   121 | D        | Found a deep blue altar of Sif Muna.
   122 | D        | Found a bloodstained altar of Trog.
   123 | D        | Found a hide-covered altar of Uskayaw.
   124 | D        | Became a worshipper of Makhleb the Destroyer
   125 | D        | Found a radiant altar of Vehumet.
   126 | D        | Found an ornate altar of the Wu Jian Council.
   127 | D        | Found a shimmering altar of Xom.
   128 | D        | Found a basalt altar of Yredelemnul.
   129 | D        | Found a glowing silver altar of Zin.
   130 | D        | Found a glowing golden altar of the Shining One.
   178 | D        | Noticed a yak
   178 | D        | Noticed a yak
   188 | D        | Killed a yak
   188 | D        | Reached skill level 6 in Armour
   188 | D        | Reached skill level 6 in Shields
   188 | D        | Reached skill level 5 in Invocations
   188 | D        | Reached XP level 6. HP: 44/62 MP: 5/10
   209 | D        | Reached * piety under Makhleb
   209 | D        | Reached skill level 6 in Invocations
   211 | D        | Reached skill level 7 in Invocations
   220 | D        | Reached skill level 7 in Fighting
   220 | D        | Reached skill level 9 in Maces & Flails
   226 | D        | Killed a yak
   226 | D        | Reached ** piety under Makhleb
   226 | D        | Reached skill level 8 in Fighting
   226 | D        | Reached skill level 10 in Maces & Flails
   226 | D        | Reached XP level 7. HP: 41/74 MP: 10/12
   238 | D        | Noticed a yak
   238 | D        | Noticed a steam dragon
   238 | D        | Noticed a two-headed ogre
   242 | D        | HP: 10/74 [two-headed ogre/+0 dire flail (15)]
   252 | D        | Killed a two-headed ogre
   252 | D        | Reached skill level 10 in Fighting
   252 | D        | Reached skill level 11 in Maces & Flails
   252 | D        | Reached XP level 8. HP: 45/86 MP: 13/13
   257 | D        | Reached skill level 12 in Maces & Flails
   265 | D        | Reached *** piety under Makhleb
   265 | D        | Reached skill level 13 in Maces & Flails
   387 | D        | Noticed a blink frog
   389 | D        | Noticed a seven-headed hydra
   394 | D        | Reached **** piety under Makhleb
   394 | D        | Reached skill level 14 in Maces & Flails
   395 | D        | Noticed a spiny frog
   405 | D        | Killed a seven-headed hydra
   405 | D        | Reached skill level 11 in Fighting
   405 | D        | Reached skill level 8 in Armour
   405 | D        | Gained mutation: You passively map the area around you.
                  | [Deep Dwarf growth]
   405 | D        | Reached XP level 9. HP: 55/97 MP: 14/14
   408 | D        | Reached skill level 9 in Armour
   422 | D        | Killed a spiny frog
   422 | D        | Reached skill level 10 in Armour
   431 | D        | Reached ***** piety under Makhleb
   431 | D        | Reached skill level 1 in Evocations
   441 | D        | Reached skill level 11 in Armour
   441 | D        | Reached skill level 2 in Evocations
   459 | D        | Noticed a death yak
   459 | D        | Noticed a spiny frog
   459 | D        | Noticed a black mamba
   468 | D        | Killed a black mamba
   468 | D        | Reached skill level 7 in Shields
   468 | D        | Reached skill level 8 in Invocations
   468 | D        | Reached skill level 3 in Evocations
   490 | D        | Killed a death yak
   490 | D        | Reached skill level 12 in Fighting
   490 | D        | Reached skill level 9 in Invocations
   490 | D        | Reached skill level 5 in Evocations
   490 | D        | Reached XP level 10. HP: 71/106 MP: 16/16
   495 | D        | Reached skill level 8 in Shields
   506 | D        | Killed a spiny frog
   515 | D        | Reached skill level 9 in Shields
   538 | D        | Reached ****** piety under Makhleb
   590 | D        | Reached skill level 12 in Armour
   609 | D        | Reached skill level 10 in Shields
   645 | D        | Reached skill level 13 in Fighting
   703 | D        | Noticed Psyche
   710 | D        | Killed Psyche
   710 | D        | Reached skill level 13 in Armour
   778 | D        | Reached skill level 1 in Dodging
   786 | D        | Noticed an orc knight
   792 | D        | Reached skill level 2 in Dodging
   804 | D        | Killed an orc knight
   804 | D        | Reached skill level 5 in Dodging
   846 | D        | Noticed an orc sorcerer
   846 | D        | Noticed an orc knight
   868 | D        | Killed an orc knight
   868 | D        | Reached skill level 7 in Dodging
   868 | D        | Reached XP level 11. HP: 77/117 MP: 16/16
   881 | D        | Killed an orc sorcerer
   904 | D        | Reached skill level 8 in Dodging
   914 | D        | Reached skill level 10 in Invocations
   963 | D        | Found Xamiwn's Armour Boutique.
   963 | D        | Noticed an orc high priest
   963 | D        | Noticed an orc high priest
   970 | D        | Killed an orc high priest
   970 | D        | Reached skill level 14 in Armour
   970 | D        | Reached skill level 11 in Invocations
   971 | D        | Found Ithow's Book Shop.
   981 | D        | Noticed an orc high priest
   988 | D        | HP: 16/117 [smoke demon/divine providence[an orc high
                  | priest] (12)]
  1010 | D        | Killed an orc high priest
  1018 | D        | Noticed an orc high priest
  1019 | D        | Noticed a sun demon
  1022 | D        | Reached skill level 12 in Invocations
  1022 | D        | Noticed a sixfirhy
  1033 | D        | Killed an orc high priest
  1054 | D        | Killed an orc high priest
  1054 | D        | Reached skill level 14 in Fighting
  1062 | D        | Found Geomaot's Antique Armour Boutique.
  1066 | D        | Found Kaimot's General Store.
  1070 | D        | Noticed an orc high priest
  1072 | D        | Noticed an orc high priest
  1080 | D        | Noticed a sixfirhy
  1087 | D        | Killed an orc high priest
  1101 | D        | Killed an orc high priest
  1101 | D        | Reached skill level 9 in Dodging
  1109 | D        | Bought a potion of curing for 39 gold pieces
  1119 | D        | Bought a pair of boots for 108 gold pieces
  1121 | D        | Bought a scroll of enchant weapon for 97 gold pieces
  1121 | D        | Bought a scroll of enchant armour for 97 gold pieces
  1121 | D        | Bought a scroll of enchant weapon for 97 gold pieces
  1130 | D        | Bought a +1 cloak for 126 gold pieces
  1220 | D        | Noticed Eustachio
  1244 | D        | Killed Eustachio
  1398 | D        | Noticed a centaur warrior
  1398 | D        | Noticed an ogre mage
  1410 | D        | Killed an ogre mage
  1410 | D        | Reached skill level 11 in Shields
  1412 | D        | Noticed an unseen horror
  1421 | D        | Noticed an ettin
  1421 | D        | Killed an unseen horror
  1434 | D        | Noticed an ettin
  1436 | D        | Reached skill level 10 in Dodging
  1437 | D        | Noticed a deep troll earth mage
  1443 | D        | Noticed a vampire mage
  1453 | D        | Killed a centaur warrior
  1453 | D        | Reached skill level 15 in Armour
  1464 | D        | Reached skill level 12 in Shields
  1470 | D        | Killed an ettin
  1470 | D        | Reached skill level 11 in Dodging
  1470 | D        | Reached XP level 12. HP: 81/128 MP: 18/18
  1476 | D        | Killed an ettin
  1479 | D        | Killed a deep troll earth mage
  1479 | D        | Reached skill level 16 in Armour
  1492 | D        | Killed a vampire mage
  1492 | D        | Reached skill level 12 in Dodging
  1583 | D        | Noticed Donald
  1586 | D        | Noticed Saint Roka
  1615 | D        | Noticed a green death
  1627 | D        | Killed Donald
  1650 | D        | Killed Saint Roka
  1650 | D        | Reached skill level 15 in Fighting
  1650 | D        | Reached skill level 17 in Armour
  1650 | D        | Reached skill level 13 in Shields
  1868 | D        | Noticed a merfolk avatar
  1868 | D        | Noticed a merfolk aquamancer
  1874 | D        | Killed a merfolk aquamancer
  1890 | D        | Reached skill level 14 in Shields
  1903 | D        | Killed a merfolk avatar
  1919 | D        | Reached skill level 18 in Armour
  1973 | D        | Noticed a spark wasp
  1973 | D        | Noticed an entropy weaver
  1985 | D        | Reached skill level 15 in Shields
  1994 | D        | Killed an entropy weaver
  1994 | D        | Reached skill level 13 in Invocations
  1994 | D        | Reached XP level 13. HP: 138/138 MP: 18/20
  2032 | D        | Killed a spark wasp
  2032 | D        | Reached skill level 14 in Invocations
  2138 | D        | Reached skill level 13 in Dodging
  2155 | D        | Noticed a nagaraja
  2160 | D        | Reached skill level 15 in Invocations
  2177 | D        | Killed a nagaraja
  2217 | D        | Reached skill level 16 in Shields
  2234 | D        | Reached skill level 19 in Armour
  2234 | D        | Reached skill level 16 in Invocations
  2237 | D        | Reached skill level 14 in Dodging
  2314 | D        | Noticed Snorg
  2325 | D        | Killed Snorg
  2367 | D        | Noticed a stone giant
  2368 | D        | Noticed a vampire knight
  2376 | D        | Noticed a frost giant
  2384 | D        | Noticed a fire giant
  2397 | D        | Killed a vampire knight
  2397 | D        | Reached skill level 16 in Fighting
  2413 | D        | Noticed an ettin
  2426 | D        | Noticed a stone giant
  2438 | D        | Killed a stone giant
  2446 | D        | Reached skill level 17 in Fighting
  2454 | D        | Killed a frost giant
  2454 | D        | Reached skill level 15 in Maces & Flails
  2478 | D        | Killed a fire giant
  2490 | D        | Killed a stone giant
  2490 | D        | Reached skill level 16 in Maces & Flails
  2501 | D        | Killed an ettin
  2501 | D        | Gained mutation: You resist negative energy. (rN+) [Deep
                  | Dwarf growth]
  2501 | D        | Reached XP level 14. HP: 95/153 MP: 20/20
  2537 | D        | Noticed an entropy weaver
  2537 | D        | a spark wasp changed into an entropy weaver
  2544 | D        | Killed an entropy weaver
  2574 | D        | Noticed a brown very ugly thing
  2585 | D        | Killed a brown very ugly thing
  2622 | D        | Reached skill level 15 in Dodging
  2622 | D        | Reached skill level 17 in Invocations
  2627 | D        | Noticed a vault warden
  2660 | D        | Killed a vault warden
  2660 | D        | Reached skill level 17 in Shields
  2682 | D        | Reached skill level 20 in Armour
  2687 | D        | Reached skill level 6 in Evocations
  2700 | D        | Noticed an Orb Guardian
  2701 | D        | Noticed a greater mummy
  2707 | D        | Killed an Orb Guardian
  2723 | D        | Killed a greater mummy
  2723 | D        | Reached skill level 8 in Evocations
  2742 | D        | Noticed an ironheart preserver
  2754 | D        | Killed an ironheart preserver
  2758 | D        | Reached skill level 18 in Shields
  2763 | D        | Noticed an ironheart preserver
  2765 | D        | Noticed an ironheart preserver
  2785 | D        | Killed an ironheart preserver
  2785 | D        | Reached skill level 21 in Armour
  2791 | D        | Killed an ironheart preserver
  3068 | D        | Noticed a ghost moth
  3079 | D        | Killed a ghost moth
  3884 | D        | Bought a book of Cantrips for 240 gold pieces
  3886 | D        | Learned a level 1 spell: Confusing Touch
  3888 | D        | Learned a level 1 spell: Animate Skeleton
  4358 | D        | Noticed Mennas
  4359 | D        | Noticed Margery
  4370 | D        | Reached skill level 1 in Spellcasting
  4370 | D        | Reached skill level 1 in Hexes
  4370 | D        | Reached skill level 1 in Necromancy
  4501 | D        | Killed Mennas
  4501 | D        | Reached skill level 16 in Dodging
  4501 | D        | Reached skill level 3 in Spellcasting
  4501 | D        | Reached skill level 3 in Hexes
  4501 | D        | Reached skill level 4 in Necromancy
  4509 | D        | Killed Margery
  4509 | D        | Reached skill level 19 in Shields
  4509 | D        | Reached skill level 5 in Necromancy
  4509 | D        | Reached XP level 15. HP: 99/163 MP: 16/18
  4520 | D        | Reached skill level 4 in Hexes
  4580 | D        | Found the +6 Majin-Bo {vamp, Archmagi MP+6 Int+6}
  5505 | D        | Noticed Agnes
  5520 | D        | Killed Agnes
  5520 | D        | Reached skill level 6 in Necromancy
  5548 | D        | Reached skill level 18 in Fighting
  5602 | D        | Reached skill level 5 in Hexes
  5604 | D        | Reached skill level 22 in Armour
  5638 | D        | Noticed a ghost moth
  5644 | D        | Killed a ghost moth
  5663 | D        | Reached skill level 17 in Dodging
  5663 | D        | Reached skill level 6 in Hexes
  5668 | D        | Got a gossamer rune of Zot
  5779 | D        | Noticed Ilsuiw
  5796 | D        | Reached skill level 20 in Shields
  5836 | D        | Killed Ilsuiw
  5852 | D        | Reached skill level 19 in Fighting
  5857 | D        | Reached skill level 23 in Armour
  5879 | D        | Reached skill level 7 in Necromancy
  5894 | D        | Reached skill level 7 in Hexes
  5904 | D        | Reached skill level 8 in Necromancy
  5926 | D        | Got a barnacled rune of Zot
  5954 | D        | Noticed a nagaraja
  5954 | D        | Noticed a nagaraja
  5961 | D        | Noticed a nagaraja
  5962 | D        | Killed a nagaraja
  5962 | D        | Reached skill level 8 in Hexes
  5987 | D        | Killed a nagaraja
  5997 | D        | Killed a nagaraja
  6008 | D        | Noticed a nagaraja
  6024 | D        | Killed a nagaraja
  6027 | D        | Got a serpentine rune of Zot
  6094 | D        | Reached skill level 18 in Dodging
  6124 | D        | Reached skill level 21 in Shields
  6137 | D        | Reached skill level 24 in Armour
  6146 | D        | Reached skill level 20 in Fighting
  6149 | D        | Got a decaying rune of Zot
  6195 | D        | Noticed Boris
  6219 | D        | Killed Boris
  6219 | D        | Reached skill level 9 in Hexes
  6219 | D        | Reached XP level 16. HP: 178/178 MP: 19/19
  6317 | D        | Noticed Nikola
  6333 | D        | Killed Nikola
  6419 | D        | Reached skill level 19 in Dodging
  6448 | D        | Reached skill level 22 in Shields
  6468 | D        | Reached skill level 21 in Fighting
  6468 | D        | Reached skill level 25 in Armour
  6615 | D        | Reached skill level 10 in Hexes
  6642 | D        | Noticed a titan
  6653 | D        | Noticed a tengu reaver
  6681 | D        | Killed a titan
  6681 | D        | Reached skill level 20 in Dodging
  6688 | D        | Killed a tengu reaver
  6692 | D        | Noticed a shadow dragon
  6694 | D        | Noticed a shadow dragon
  6702 | D        | Reached skill level 23 in Shields
  6749 | D        | Killed a shadow dragon
  6749 | D        | Reached skill level 26 in Armour
  6849 | D        | Killed a shadow dragon
  6852 | D        | Reached skill level 22 in Fighting
  6943 | D        | Noticed a shadow dragon
  6943 | D        | Noticed a shadow dragon
  6943 | D        | Noticed a tentacled monstrosity
  6943 | D        | Noticed a tentacled monstrosity
  6943 | D        | Noticed a shadow dragon
  6944 | D        | Noticed a lich
  6945 | D        | Found the +2 ratskin cloak {+Rats rPois rN+ Str-1 Int-1
                  | Dex+1}
  6962 | D        | Killed a tentacled monstrosity
  6974 | D        | Killed a shadow dragon
  6974 | D        | Reached skill level 18 in Invocations
  6974 | D        | Noticed a shadow dragon
  6982 | D        | Killed a tentacled monstrosity
  6982 | D        | Reached skill level 21 in Dodging
  6996 | D        | Killed a shadow dragon
  6996 | D        | Reached XP level 17. HP: 193/193 MP: 21/21
  7029 | D        | Killed a lich
  7040 | D        | Reached skill level 24 in Shields
  7040 | D        | Reached skill level 19 in Invocations
  7056 | D        | Found the +8 arc blade {discharge, rElec}
  7060 | D        | Got a silver rune of Zot
  7120 | D        | Noticed Nessos
  7121 | D        | Noticed Mara
  7129 | D        | Killed Nessos
  7149 | D        | Noticed Artagas's illusion
  7192 | D        | Killed Mara
  7192 | D        | Reached skill level 27 in Armour
  7192 | D        | Reached skill level 22 in Dodging
  7241 | D        | Noticed Xtahua
  7254 | D        | Killed Xtahua
  7254 | D        | Reached skill level 23 in Fighting
  7285 | D        | Got the ring of Impatience {Wiz rN++ Dex+2}
  7287 | D        | Got the amulet "Luop" {Gourm MR+ Dex+4}
  7290 | D        | Got the ring "Feoffaf" {Fire Int+4}
  7292 | D        | Got the ring "Tikham" {rElec rPois rF+ rC- MP+9}
  7336 | D        | Got the +0 pair of gloves of the Flute {rC+ MP+9}
  7464 | D        | Noticed Rupert
  7477 | D        | Killed Rupert
  7510 | D        | Noticed a tentacled monstrosity
  7514 | D        | Killed a tentacled monstrosity
  7514 | D        | Reached skill level 25 in Shields
  7515 | D        | Noticed a lich
  7523 | D        | Noticed a Brimstone Fiend
  7563 | D        | Reached skill level 23 in Dodging
  7567 | D        | Killed a lich
  7602 | D        | Noticed a bone dragon
  7602 | D        | Noticed a golden dragon
  7607 | D        | Killed a golden dragon
  7650 | D        | Killed a bone dragon
  7650 | D        | Reached skill level 24 in Fighting
  7650 | D        | Reached skill level 26 in Shields
  7675 | D        | Reached skill level 24 in Dodging
  7744 | D        | Noticed a tentacled monstrosity
  7773 | D        | Killed a tentacled monstrosity
  7804 | D        | Noticed a tentacled monstrosity
  7804 | D        | Noticed a tentacled monstrosity
  7811 | D        | Reached skill level 25 in Dodging
  7811 | D        | Reached skill level 27 in Shields
  7822 | D        | Reached skill level 25 in Fighting
  7834 | D        | Killed a tentacled monstrosity
  7843 | D        | Killed a tentacled monstrosity
  7843 | D        | Gained mutation: You passively map a large area around you.
                  | [Deep Dwarf growth]
  7843 | D        | Reached XP level 18. HP: 212/212 MP: 22/22
  7892 | D        | Reached skill level 26 in Dodging
  7940 | D        | Reached skill level 20 in Invocations
  7946 | D        | Reached skill level 26 in Fighting
  8025 | D        | Reached skill level 27 in Dodging
  8157 | D        | Noticed an Orb Guardian
  8157 | D        | Noticed an Orb Guardian
  8157 | D        | Noticed an Orb Guardian
  8157 | D        | Noticed an Orb Guardian
  8157 | D        | Noticed an Orb Guardian
  8157 | D        | Noticed an Orb Guardian
  8165 | D        | Killed an Orb Guardian
  8165 | D        | Reached skill level 27 in Fighting
  8169 | D        | Killed an Orb Guardian
  8169 | D        | Reached skill level 4 in Spellcasting
  8169 | D        | Reached skill level 9 in Evocations
  8177 | D        | Killed an Orb Guardian
  8177 | D        | Reached skill level 5 in Spellcasting
  8177 | D        | Reached skill level 10 in Evocations
  8178 | D        | Noticed an Orb Guardian
  8196 | D        | Killed an Orb Guardian
  8196 | D        | Reached skill level 6 in Spellcasting
  8196 | D        | Reached skill level 21 in Invocations
  8196 | D        | Reached skill level 11 in Evocations
  8197 | D        | Noticed an Orb Guardian
  8200 | D        | Killed an Orb Guardian
  8200 | D        | Reached skill level 12 in Evocations
  8204 | D        | Killed an Orb Guardian
  8204 | D        | Reached skill level 7 in Spellcasting
  8219 | D        | Killed an Orb Guardian
  8219 | D        | Reached skill level 13 in Evocations
  8220 | D        | Noticed an Orb Guardian
  8229 | D        | Killed an Orb Guardian
  8229 | D        | Reached skill level 22 in Invocations
  8238 | D        | Killed an Orb Guardian
  8238 | D        | Reached skill level 17 in Maces & Flails
  8238 | D        | Reached skill level 14 in Evocations
  8239 | D        | Noticed an Orb Guardian
  8246 | D        | Killed an Orb Guardian
  8252 | D        | Noticed an Orb Guardian
  8252 | D        | Noticed an Orb Guardian
  8263 | D        | Reached skill level 15 in Evocations
  8264 | D        | Noticed an Orb Guardian
  8281 | D        | Killed an Orb Guardian
  8281 | D        | Reached skill level 23 in Invocations
  8297 | D        | Killed an Orb Guardian
  8297 | D        | Reached skill level 18 in Maces & Flails
  8297 | D        | Reached skill level 16 in Evocations
  8305 | D        | Killed an Orb Guardian
  8305 | D        | Noticed an Orb Guardian
  8322 | D        | Killed an Orb Guardian
  8322 | D        | Reached skill level 17 in Evocations
  8352 | D        | Noticed an ancient lich
  8353 | D        | Paralysed by an ancient lich for 6 turns
  8375 | D        | Killed an ancient lich
  8375 | D        | Reached skill level 19 in Maces & Flails
  8375 | D        | Reached skill level 24 in Invocations
  8375 | D        | Reached skill level 18 in Evocations
  8378 | D        | Noticed an orb of fire
  8403 | D        | Gained mutation: You are partially covered in molten
                  | scales. (AC +2) [an orb of fire]
  8405 | D        | Gained mutation: Your magical capacity is low. (-10% MP)
                  | [an orb of fire]
  8409 | D        | Killed an orb of fire
  8409 | D        | Reached skill level 25 in Invocations
  8409 | D        | Reached skill level 19 in Evocations
  8409 | D        | Reached XP level 19. HP: 201/226 MP: 23/23
  8412 | D        | Noticed an electric golem
  8455 | D        | Killed an electric golem
  8455 | D        | Reached skill level 20 in Maces & Flails
  8455 | D        | Reached skill level 20 in Evocations
  8564 | D        | Noticed an ancient lich
  8564 | D        | Noticed a golden dragon
  8564 | D        | Noticed a golden dragon
  8565 | D        | Noticed an orb of fire
  8567 | D        | Noticed a Killer Klown
  8614 | D        | Killed an ancient lich
  8614 | D        | Reached skill level 26 in Invocations
  8614 | D        | Reached skill level 21 in Evocations
  8635 | D        | Gained mutation: You are covered in fur. (AC +1) [an orb of
                  | fire]
  8636 | D        | Killed an orb of fire
  8636 | D        | Reached skill level 21 in Maces & Flails
  8636 | D        | Reached skill level 27 in Invocations
  8636 | D        | Reached skill level 22 in Evocations
  8645 | D        | Noticed an iron giant
  8645 | D        | a golden dragon changed into an iron giant
  8648 | D        | Killed a Killer Klown
  8656 | D        | Killed an iron giant
  8656 | D        | Reached skill level 23 in Evocations
  8669 | D        | Killed a golden dragon
  8669 | D        | Reached skill level 22 in Maces & Flails
  8680 | D        | Reached skill level 24 in Evocations
  9887 | D        | Bought a book of Air for 420 gold pieces
  9887 | D        | Bought a book of Misfortune for 240 gold pieces
  9887 | D        | Bought a book of Minor Magic for 240 gold pieces
  9892 | D        | Learned a level 4 spell: Airstrike
  9895 | D        | Learned a level 2 spell: Blink
  9898 | D        | Learned a level 2 spell: Call Imp
  9904 | D        | Learned a level 5 spell: Yara's Violent Unravelling
 11102 | D        | Noticed a golden dragon
 11115 | D        | Killed a golden dragon
 11115 | D        | Reached skill level 2 in Summonings
 11115 | D        | Reached skill level 3 in Translocations
 11115 | D        | Reached skill level 2 in Transmutations
 11115 | D        | Reached skill level 2 in Air Magic
 11120 | D        | Reached skill level 8 in Spellcasting
 11120 | D        | Reached skill level 3 in Summonings
 11120 | D        | Reached skill level 4 in Translocations
 11120 | D        | Reached skill level 3 in Transmutations
 11133 | D        | Reached skill level 4 in Summonings
 11133 | D        | Reached skill level 5 in Translocations
 11133 | D        | Reached skill level 4 in Transmutations
 11133 | D        | Reached skill level 3 in Air Magic
 11137 | D        | Reached skill level 4 in Air Magic
 11143 | D        | Reached skill level 9 in Spellcasting
 11143 | D        | Reached skill level 5 in Summonings
 11143 | D        | Reached skill level 6 in Translocations
 11143 | D        | Reached skill level 5 in Transmutations
 11158 | D        | Reached skill level 7 in Translocations
 11173 | D        | Reached skill level 6 in Summonings
 11173 | D        | Reached skill level 6 in Transmutations
 11173 | D        | Reached skill level 5 in Air Magic
 11187 | D        | Reached skill level 8 in Translocations
 11199 | D        | Reached skill level 10 in Spellcasting
 11199 | D        | Reached skill level 7 in Summonings
 11199 | D        | Reached skill level 7 in Transmutations
 11199 | D        | Reached skill level 6 in Air Magic
 11208 | D        | Reached skill level 9 in Translocations
 11212 | D        | Reached skill level 8 in Summonings
 11212 | D        | Reached skill level 8 in Transmutations
 11222 | D        | Reached skill level 10 in Translocations
 11222 | D        | Reached skill level 7 in Air Magic
 11237 | D        | Got the Orb of Zot
 11248 | D        | Reached skill level 11 in Spellcasting
 11248 | D        | Reached skill level 9 in Summonings
 11248 | D        | Reached skill level 9 in Transmutations
 11348 | D        | Noticed a lich
 11354 | D        | Noticed an ancient lich
 11365 | D        | Killed a lich
 11365 | D        | Reached skill level 8 in Air Magic
 11373 | D        | Reached skill level 10 in Summonings
 11373 | D        | Reached skill level 10 in Transmutations
 11392 | D        | Killed an ancient lich
 11392 | D        | Reached skill level 13 in Spellcasting
 11392 | D        | Reached skill level 10 in Air Magic
 11405 | D        | Reached XP level 20. HP: 229/236 MP: 23/23
 11432 | D        | Reached skill level 11 in Hexes
 11432 | D        | Reached skill level 11 in Transmutations
 11488 | D        | Reached skill level 12 in Transmutations
 11510 | D        | Reached skill level 12 in Hexes
 11535 | D        | Reached skill level 13 in Transmutations
 11556 | D        | Reached skill level 13 in Hexes
 11572 | D        | Reached skill level 14 in Transmutations
 11591 | D        | Reached skill level 14 in Hexes
 11607 | D        | Reached skill level 14 in Spellcasting
 11626 | D        | Reached skill level 15 in Spellcasting
 11650 | D        | Learned a level 2 spell: Swiftness
 11659 | D        | Got an elven rune of Zot
 11671 | D        | Paralysed by a floating eye for 4 turns
 11683 | D        | Reached skill level 15 in Hexes
 11683 | D        | Reached skill level 15 in Transmutations
 11709 | D        | Reached skill level 11 in Air Magic
 11741 | D        | Noticed the Royal Jelly
 11866 | D        | Killed the Royal Jelly
 11866 | D        | Reached skill level 23 in Maces & Flails
 11866 | D        | Reached skill level 16 in Transmutations
 11866 | D        | Reached skill level 12 in Air Magic
 11944 | D        | Reached skill level 16 in Spellcasting
 11944 | D        | Reached skill level 16 in Hexes
 11981 | D        | Reached skill level 24 in Maces & Flails
 11990 | D        | Reached skill level 17 in Spellcasting
 12002 | D        | Got a slimy rune of Zot
 12127 | D        | Reached skill level 25 in Maces & Flails
 12127 | D        | Reached skill level 18 in Spellcasting
 12166 | D        | Reached skill level 19 in Spellcasting
 12175 | D        | Reached skill level 26 in Maces & Flails
 12208 | D        | Reached XP level 21. HP: 244/244 MP: 28/28
 12227 | D        | Noticed a greater mummy
 12246 | D        | Killed a greater mummy
 12246 | D        | Reached skill level 20 in Spellcasting
 12263 | D        | Noticed a greater mummy
 12263 | D        | Noticed a greater mummy
 12276 | D        | Killed a greater mummy
 12276 | D        | Reached skill level 27 in Maces & Flails
 12276 | D        | Reached skill level 21 in Spellcasting
 12294 | D        | Killed a greater mummy
 12318 | D        | Reached skill level 22 in Spellcasting
 12346 | D        | Noticed a greater mummy
 12346 | D        | Noticed a greater mummy
 12346 | D        | Noticed a greater mummy
 12368 | D        | Killed a greater mummy
 12417 | D        | Reached skill level 23 in Spellcasting
 12449 | D        | Killed a greater mummy
 12470 | D        | Killed a greater mummy
 12470 | D        | Reached skill level 24 in Spellcasting
 12571 | D        | Noticed a greater mummy
 12597 | D        | Killed a greater mummy
 12597 | D        | Reached skill level 25 in Spellcasting
 12610 | D        | Noticed a greater mummy
 12635 | D        | Killed a greater mummy
 12638 | D        | Got a golden rune of Zot
 12665 | D        | Reached skill level 26 in Spellcasting
 12685 | D        | Gained mutation: You are clumsy. (Dex -2) [a neqoxec]
 12696 | D        | Got an abyssal rune of Zot
 12798 | D        | Reached skill level 27 in Spellcasting
 12818 | D        | Noticed Kugawushra the pandemonium lord
 12882 | D        | Killed Kugawushra the pandemonium lord
 12882 | D        | Reached skill level 11 in Summonings
 12882 | D        | Reached skill level 13 in Air Magic
 12889 | D        | Reached skill level 25 in Evocations
 12950 | D        | Reached skill level 17 in Hexes
 12950 | D        | Reached skill level 17 in Transmutations
 12981 | D        | Reached skill level 12 in Summonings
 13002 | D        | Noticed Geryon
 13021 | D        | Killed Geryon
 13025 | D        | Noticed Ereshkigal
 13025 | D        | Identified the +6 sword of Cerebov {flame}
 13025 | D        | Noticed Cerebov
 13025 | D        | Identified the +4 staff of Dispater
 13025 | D        | Noticed Dispater
 13029 | D        | HP: 23/244 [Cerebov/the +6 sword of Cerebov {flame} (24)]
 13032 | D        | Noticed Mnoleg
 13036 | D        | HP: 34/244 [Cerebov/great blast of fire (15)]
 13038 | D        | Killed from afar by Cerebov

Levels and vault maps discovered:
D:        linesprint [early_d, line_temple, items_1, d_10, items_2, lair_1,
          lair_end, items_3, orc_1, orc_end, items_4, d_15, swamp_1, shoals_1,
          snake_1, spider_1, d_20, vaults_1, items_5, swamp_end, shoals_end,
          snake_end, spider_end, vaults_end, d_27, items_6, zot_1, zot_end,
          crypt_end, forest_end, elf_end, slime_end, tomb_end, abyss_end,
          pan_hell_end]

Skill      XL: |  1  2  3  4  5  6  7  8  9 10 11 12 13 14 15 16 17 18 19 20 21 |
---------------+----------------------------------------------------------------+-----
Fighting       | 5 6 8 10 11 12 13 14 15 17 20 22 25 27 | 27.0
Maces & Flails | 7 8 10 11 14 16 19 22 26 27 | 27.0
Armour         | 6 8 11 13 15 18 19 21 24 26 27 | 27.0
Shields        | 6 7 10 12 15 16 19 21 23 27 | 27.0
Invocations    | 5 7 9 12 13 16 17 18 19 25 27 | 27.0
Evocations     | 5 8 19 24 25 | 25.6
Dodging        | 7 11 12 14 16 18 21 25 27 | 27.0
Spellcasting   | 3 7 13 19 27 | 27.0
Hexes          | 3 9 10 16 17 | 17.2
Necromancy     | 5 8 |  8.3
Summonings     | 10 12 | 12.4
Translocations | 10 | 10.0
Transmutations | 10 16 17 | 17.4
Air Magic      | 10 12 13 | 13.8

Action                   |  1- 3 |  4- 6 |  7- 9 | 10-12 | 13-15 | 16-18 | 19-21 || total
-------------------------+-------+-------+-------+-------+-------+-------+-------++-------
Melee: Flail             |    20 |    15 |       |       |       |       |       ||    35
       Morningstar       |       |    48 |   107 |   498 |   621 |       |       ||  1274
       Demon whip        |       |       |       |       |   357 |  1140 |  1225 ||  2722
Throw: Throwing net      |       |       |       |       |       |       |     1 ||     1
 Cast: Confusing Touch   |       |       |       |       |     2 |     2 |     1 ||     5
       Animate Skeleton  |       |       |       |       |    22 |    18 |     2 ||    42
       Call Imp          |       |       |       |       |       |       |     2 ||     2
       Airstrike         |       |       |       |       |       |       |     2 ||     2
Invok: Lesser Servant of |       |       |       |     6 |     5 |       |       ||    11
       Major Destruction |       |       |       |     5 |     6 |     4 |    13 ||    28
       Minor Destruction |       |       |       |     1 |       |       |       ||     1
       Greater Servant o |       |       |       |     3 |     6 |     1 |    10 ||    20
 Abil: Heal Wounds       |     1 |     1 |     4 |    12 |    17 |       |    34 ||    69
       Evoke Ratskin     |       |       |       |       |       |     1 |       ||     1
Evoke: Wand              |       |       |       |       |     1 |       |       ||     1
       Horn of Geryon    |       |       |       |       |       |       |     1 ||     1
  Use: Potion            |       |       |     2 |     1 |    13 |       |     4 ||    20
       Scroll            |       |       |     2 |     4 |    10 |     4 |     2 ||    22
 Stab: Distracted        |       |       |       |     2 |       |     1 |     1 ||     4
       Confused          |       |       |       |       |     4 |     3 |       ||     7
       Held in net/web   |       |       |       |       |       |       |     1 ||     1
  Eat: Chunk             |       |       |       |     5 |     8 |    23 |    16 ||    52
       Ration            |       |       |       |       |     2 |       |       ||     2
Armor: Scale mail        |     8 |     5 |       |       |       |       |       ||    13
       Plate armour      |       |    30 |    55 |   154 |   318 |    87 |       ||   644
       Shadow dragon sca |       |       |       |    46 |       |       |       ||    46
       Gold dragon scale |       |       |       |       |       |    50 |   218 ||   268
Dodge: Dodged            |     2 |     8 |    17 |    85 |   236 |   181 |   260 ||   789
Block: Shield            |     6 |    27 |    45 |   137 |       |       |       ||   215
       Large shield      |       |       |       |   171 |   843 |   624 |   988 ||  2626

Table legend:
 A = Non-vault XP
 B = Vault XP
 C = Vault XP percentage of total XP
 D = Non-vault monster count
 E = Vault monster count
 F = Vault count percentage of total count
                 A         B        C        D         E       F
            +---------+---------+-------+---------+---------+-------
      Total |    1375 |  640775 |  99.8 |       4 |     507 |  99.2
            +---------+---------+-------+---------+---------+-------
          D |    1375 |  640775 |  99.8 |       4 |     507 |  99.2
            +---------+---------+-------+---------+---------+-------

Levels and vault maps discovered:
D:        linesprint [early_d, line_temple, items_1, d_10, items_2, lair_1,
          lair_end, items_3, orc_1, orc_end, items_4, d_15, swamp_1, shoals_1,
          snake_1, spider_1, d_20, vaults_1, items_5, swamp_end, shoals_end,
          snake_end, spider_end, vaults_end, d_27, items_6, zot_1, zot_end,
          crypt_end, forest_end, elf_end, slime_end, tomb_end, abyss_end,
          pan_hell_end]

Table legend:
 A = Turns spent in this place as a percentage of turns spent in the entire game.
 B = Non-inter-level travel turns spent in this place as a percentage of non-inter-level travel turns spent in the entire game.
 C = Inter-level travel turns spent in this place as a percentage of turns spent in this place.
 D = Turns resting spent in this place as a percentage of non-inter-level travel turns spent in this place.
 E = Turns spent auto-exploring this place as a percentage of non-inter-level travel turns spent in this place.
 F = Non-inter-level travel turns spent in this place divided by the number of levels of this place that you've seen.
                   A       B       C       D       E      F
               +-------+-------+-------+-------+-------+----------------------
         Total | 100.0 | 100.0 |  17.2 |   2.3 |  28.9 | 10790.0
       Dungeon | 100.0 | 100.0 |  17.2 |   2.3 |  28.9 | 10790.0
               +-------+-------+-------+-------+-------+----------------------

Table legend:
 A = Kills in this place as a percentage of kills in entire the game.
 B = Kills by you in this place as a percentage of kills by you in the entire game.
 C = Kills by friends in this place as a percentage of kills by friends in the entire game.
 D = Other kills in this place as a percentage of other kills in the entire game.
 E = Experience gained in this place as a percentage of experience gained in the entire game.
 F = Experience gained in this place divided by the number of levels of this place that you have seen.
                   A       B       C       D       E      F
               +-------+-------+-------+-------+-------+----------------------
         Total | 100.0 | 100.0 | 100.0 | 100.0 | 100.0 | 689041.0
       Dungeon | 100.0 | 100.0 | 100.0 | 100.0 | 100.0 | 689041.0
               +-------+-------+-------+-------+-------+----------------------
